 Dungeon Crawl Stone Soup version 0.29.1-15-g9cfb28693d (webtiles) character file.

Game seed: 1211027809611833959

7 Jase the Sneak (level 1, 0/9 HPs)
             Began as a Spriggan Enchanter on Apr 25, 2023.
             Slain by a hobgoblin (2 damage)
             ... on level 1 of the Dungeon.
             The game lasted 00:01:06 (297 turns).

Jase the Sneak (Spriggan Enchanter)                  Turns: 297, Time: 00:01:07

Health: 0/9        AC:  2    Str:  4    XL:     1   Next: 83%
Magic:  5/5        EV: 17    Int: 16    God:
Gold:   15         SH:  0    Dex: 15    Spells: 5/5 levels left

rFire   . . .      SeeInvis +   a - +1 dagger
rCold   . . .      Faith    .   (no shield)
rNeg    . . .      Spirit   .   b - +0 robe
rPois   .          Reflect  .   (helmet restricted)
rElec   .          Harm     .   (no cloak)
rCorr   .          Rampage  .   (gloves unavailable)
Will    .....                   (boots unavailable)
Stlth   +++.......              (no amulet)
HPRegen 0.03/turn               (no ring)
MPRegen 0.09/turn               (no ring)

@: very quick
A: very small, no large weapons, unfitting armour, see invisible, speed 3
a: no special abilities


You were on level 1 of the Dungeon.
You visited 1 branch of the dungeon, and saw 1 of its levels.

You collected 15 gold pieces.

Inventory:

Hand Weapons
 a - a +1 dagger (weapon)
Missiles
 f - 4 stones (quivered)
Armour
 b - a +0 robe (worn)
Scrolls
 e - a scroll of enchant armour {unknown}
Potions
 c - 2 potions of invisibility
 d - a potion of lignification {unknown}


   Skills:
 * Level 1.5 Short Blades
 - Level 2.6 Dodging
 + Level 4.6 Stealth
 - Level 2.6 Spellcasting
 * Level 3.9 Hexes


You had 5 spell levels left.
You didn't know any spells.
Your spell library contained the following spells:

 Spells                   Type           Power      Damage    Failure   Level
 Confusing Touch          Hex            14%        N/A       12%         3
 Tukima's Dance           Hex            14%        N/A       12%         3
 Ensorcelled Hibernation  Hex/Ice        16%        N/A       13%         2
 Dazzling Flash           Conj/Hex       16%        N/A       26%         3


Dungeon Overview and Level Annotations

Branches:
Dungeon (1/15)

Altars:


Innate Abilities, Weirdness & Mutations

You are very small and have problems with some larger weapons.
You are too small for most types of armour.
You have supernaturally acute eyesight. (SInv)
You cover ground extremely quickly. (Speed+++)


Message History

The bat hits you but does no damage. The bat attacks as you move away!
The bat misses you. The bat attacks as you move away!
The bat closely misses you. The bat attacks as you move away!
The bat closely misses you. x2
The bat completely misses you. The bat attacks as you move away!
The bat closely misses you. The bat hits you.
* * * LOW HITPOINT WARNING * * *
The bat misses you. The bat attacks as you move away! The bat misses you.
The bat attacks as you move away! The bat closely misses you.
The bat misses you. The bat closely misses you. The bat completely misses you.
The bat attacks as you move away! The bat hits you but does no damage.
The bat attacks as you move away! The bat hits you but does no damage.
The bat hits you but does no damage. The bat completely misses you.
The bat attacks as you move away! The bat closely misses you.
The bat completely misses you. The bat barely misses you.
The bat barely misses you. The bat attacks as you move away!
The bat misses you. The bat closely misses you.
The bat attacks as you move away! The bat misses you.
The bat closely misses you. The bat barely misses you.
The bat closely misses you.
You hit the bat.
The bat is severely wounded.
The bat completely misses you. The bat hits you but does no damage.
You hit the bat.
You kill the bat!
The bat misses you.
You hit the bat.
You kill the bat!
You see here a bat corpse.
You hit the hobgoblin.
The hobgoblin is moderately wounded.
The hobgoblin misses you.
You hit the hobgoblin but do no damage.
The hobgoblin is moderately wounded.
The hobgoblin hits you.
You die...

####....#.#.#.#.#..#
###....##............#
#.....###............# #.....#
#...#.#.....## #.....#
#...#.#....## # #.....#
#####.#....###### #.#.#...#
#.....#.....[...# .#.#...#
#g#############.# #.. #.#...#
#@#.............# #..# .#.#...#
#.#..........#..# ##..##.#.#...#
#†#..........#..# ......
#..######.#......###.#..#
#..####.........#......# #.#..#
#...............#.##.#.###.#..##
#...............#.......##.#....
##..................#.......#####
#........####.#####.####.........


You could see a hobgoblin.

Vanquished Creatures
  3 bats (D:1)
  An endoplasm (D:1)
  A giant cockroach (D:1)
  A rat (D:1)
6 creatures vanquished.

Notes
Turn   | Place    | Note
-------+----------+-------------------------------------------
     0 | D:1      | Jase the Spriggan Enchanter began the quest for the Orb.
     0 | D:1      | Reached XP level 1. HP: 9/9 MP: 5/5
   297 | D:1      | Slain by a hobgoblin

Illustrated notes

Levels and vault maps discovered:
D:1:      ncdulo_lavacross, layout_basic, serial_co_window_serial,
          co_window_corner_a, co_window_paths_b, co_window_corner_a,
          co_window_paths_a, co_window_of_opportunity_a, co_window_2corner,
          co_window_broadway_c, co_window_corner_cb, glass_columns_c,
          nrook_campfire

Action                   || total
-------------------------++-------
Melee: Dagger            ||    20
 Stab: Sleeping          ||     1
Armor: Robe              ||     6
Dodge: Dodged            ||    42
